 Dungeon Crawl Stone Soup version 0.27.1 (webtiles) character file.

Game seed: 11967295498955760107

798 Gwenloh the Grasshopper (level 7, -1/56 HPs)
             Began as a Gnoll Warper on Aug 27, 2021.
             Was a Believer of Zin.
             Killed from afar by a steam dragon (5 damage)
             ... with a ball of steam
             ... on level 5 of the Dungeon.
             The game lasted 00:16:24 (6442 turns).

Gwenloh the Grasshopper (Gnoll Warper)              Turns: 6442, Time: 00:16:25

Health: -1/56      AC:  4    Str: 10    XL:     7   Next: 90%
Magic:  11/15      EV: 13    Int: 13    God:    Zin [**....]
Gold:   153        SH:  0    Dex: 13    Spells: 9/17 levels left

rFire    + . .     SeeInvis .   g - +2 spear (freeze)
rCold    . . .     Faith    .   v - +0 buckler
rNeg     . . .     Spirit   .   b - +0 leather armour
rPois    .         Reflect  .   (no helmet)
rElec    .         Harm     .   (no cloak)
rCorr    .         Rampage  .   (no gloves)
Will     .....                  j - +0 pair of boots
Stlth    +.........             (no amulet)
HPRegen  0.18/turn              i - ring of protection from fire
MPRegen  0.14/turn              (no ring)

@: confused, brilliant, lethally poisoned (-1 -> -3), ambrosia-drunk, very
slightly contaminated, hasted, very quick
A: fangs 1, strong nose, distributed training
a: Renounce Religion, Recite, Vitalisation, Donate Gold


You were on level 5 of the Dungeon.
You worshipped Zin.
Zin was pleased with you.
You visited 1 branch of the dungeon, and saw 5 of its levels.

You collected 170 gold pieces.
You donated 17 gold pieces to Zin.

Inventory:

Hand Weapons
 a - a +0 spear
 g - a +2 spear of freezing (weapon)
Missiles
 d - 4 boomerangs of dispersal
 o - 82 stones
 p - 63 arrows
 q - a throwing net
 w - 6 datura-tipped darts
 x - 17 poisoned darts (quivered)
Armour
 b - a +0 leather armour (worn)
 j - a +0 pair of boots (worn)
 v - a +0 buckler (worn)
Jewellery
 i - a ring of protection from fire (left hand)
 B - a ring of fire
Wands
 u - a wand of charming (5)
Scrolls
 c - a scroll of blinking
 f - 2 scrolls of magic mapping {unknown}
 m - 3 scrolls of amnesia
 n - 2 scrolls of identify {unknown}
 r - a scroll of teleportation {unknown}
 s - a scroll of fear {unknown}
 t - a scroll of acquirement {unknown}
 y - a scroll of torment {unknown}
Potions
 l - a potion of heal wounds {unknown}
 z - a potion of curing {unknown}
 A - a potion of might {unknown}


   Skills:
 + Level 5.4 Fighting
 + Level 2.7 Short Blades
 + Level 2.7 Long Blades
 + Level 2.7 Axes
 + Level 2.7 Maces & Flails
 + Level 5.4 Polearms
 + Level 2.7 Staves
 + Level 2.7 Slings
 + Level 2.7 Bows
 + Level 2.7 Crossbows
 + Level 3.8 Throwing
 + Level 3.8 Armour
 + Level 5.4 Dodging
 + Level 2.7 Stealth
 + Level 2.7 Shields
 + Level 2.7 Unarmed Combat
 + Level 5.7 Spellcasting
 + Level 2.2 Conjurations
 + Level 2.2 Hexes
 + Level 2.2 Summonings
 + Level 2.2 Necromancy
 + Level 5.9 Translocations
 + Level 2.2 Transmutations
 + Level 2.2 Fire Magic
 + Level 2.2 Ice Magic
 + Level 2.2 Air Magic
 + Level 2.2 Earth Magic
 + Level 2.2 Poison Magic
 + Level 3.0 Invocations
 + Level 2.7 Evocations


You had 9 spell levels left.
You knew the following spells:

 Your Spells              Type           Power      Damage    Failure   Level
a - Blink                 Tloc           N/A        N/A       3%          2
b - Gell's Gravitas       Tloc           14%        N/A       7%          3
c - Portal Projectile     Hex/Tloc       42%        N/A       16%         3

Your spell library contained the following spells:

 Spells                   Type           Power      Damage    Failure   Level
 Lesser Beckoning         Tloc           14%        N/A       7%          3
 Teleport Other           Tloc           28%        N/A       7%          3
 Corpse Rot               Necr/Air       N/A        N/A       16%         2
 Poisonous Vapours        Pois/Air       28%        N/A       16%         2
 Call Canine Familiar     Summ           14%        N/A       32%         3
 Dazzling Flash           Conj/Hex       28%        N/A       32%         3
 Frozen Ramparts          Ice            28%        1d4       32%         3
 Iskenderun's Mystic Bla  Conj/Tloc      21%        2d6       45%         4
 Manifold Assault         Tloc           28%        N/A       54%         5
 Dispel Undead            Necr           14%        3d10      71%         4
 Ice Form                 Ice/Tmut       14%        N/A       71%         4
 Leda's Liquefaction      Hex/Erth       7%         N/A       71%         4
 Summon Ice Beast         Ice/Summ       14%        N/A       71%         4
 Blade Hands              Tmut           7%         N/A       96%         5
 Freezing Cloud           Conj/Ice/Air   7%         6-21      96%         5
 Irradiate                Conj/Tmut      7%         3d15      96%         5
 Death Channel            Necr           7%         N/A       100%        6
 Starburst                Conj/Fire      7%         6d4       100%        6
 Dragon Form              Tmut           7%         N/A       100%        7


Dungeon Overview and Level Annotations

Branches:
Dungeon (5/15)
 Temple: D:4-7

Altars:
Zin

Shops:
D:1 (

Annotations:
D:2 Sigmund


Innate Abilities, Weirdness & Mutations

You have very sharp teeth.
Your uncanny sense of smell can sniff out nearby items.
Your experience applies equally to all skills.


Message History

The steam dragon is heavily wounded.
The steam dragon bites you!
* * * LOW HITPOINT WARNING * * *
You block the steam dragon's attack. The adder barely misses you.
Casting: Gell's Gravitas (dangerous; 7% risk of failure)
Confirm with . or Enter, or press ? or * to list all spells.
You miscast Blink.
You are very lightly contaminated with residual magic.
Nothing appears to happen.
The steam dragon bites you.
* * * LOW HITPOINT WARNING * * *
The steam dragon closely misses you. You block the adder's attack.
Casting: Blink (safe; 3% risk of failure)
Confirm with . or Enter, or press ? or * to list all spells.
You miscast Blink.
Nothing appears to happen.
The adder bites you.
* * * LOW HITPOINT WARNING * * *
You are lethally poisoned!
The adder poisons you!
The steam dragon bites you but does no damage.
The steam dragon claws you.
* * * LOW HITPOINT WARNING * * *
Casting: Blink (safe; 3% risk of failure)
Confirm with . or Enter, or press ? or * to list all spells.
You blink.
* * * LOW HITPOINT WARNING * * *
You feel sick.
It was a potion of brilliance.
You feel clever all of a sudden.
* * * LOW HITPOINT WARNING * * *
You feel sick. You block the steam dragon's attack.
The steam dragon closely misses you.
It was a potion of ambrosia.
You are confused.
You feel invigorated.
* * * LOW HITPOINT WARNING * * *
You feel sick. The steam dragon misses you. The steam dragon claws you.
* * * LOW HITPOINT WARNING * * *
It was a potion of haste.
You feel yourself speed up.
You feel sick. The steam dragon breathes steam at you.
The ball of steam hits you. You resist.
You die...

#∆ # .#### ### #
.$..##.. ......#
#.#..#### .......# #
∆# #.###..##.##.#
###.# #......##..(.#
....# ######.SD@...#
.#######.....#####.##
.............# #
##.##.#......#
#..#........# ∆
#..####.....# +..#
####### ##.# #.


You could see a steam dragon (catching breath) and an adder.

Vanquished Creatures
  A sky beast (D:5)
  An ogre (D:4)
  The ghost of Hydra2011 the Firebug, an amateur OpFE (D:3)
  A phantom (D:5)
  A scorpion (D:4)
  A water moccasin skeleton (D:5)
  A howler monkey (D:2)
  2 jellies
  3 hounds (D:4)
  A killer bee zombie (D:5)
  5 adders
  3 gnolls
  A white imp (D:5)
  2 adder skeletons (D:4)
  5 worms
  3 dart slugs
  An orc (D:5)
  5 ball pythons
  10 endoplasms
  A giant cockroach (D:2)
  3 goblins
  2 hobgoblins (D:2)
  6 quokkas
  4 bats
  4 frilled lizards (D:2)
  3 kobolds
  7 rats
78 creatures vanquished.

Vanquished Creatures (others)
  15 plants (D:2)
15 creatures vanquished.

Grand Total: 93 creatures vanquished

Notes
Turn   | Place    | Note
-------+----------+-------------------------------------------
     0 | D:1      | Gwenloh the Gnoll Warper began the quest for the Orb.
     0 | D:1      | Reached XP level 1. HP: 20/20 MP: 6/6
   119 | D:1      | Reached XP level 2. HP: 22/26 MP: 7/7
   229 | D:1      | Learned a level 2 spell: Blink
   437 | D:1      | Found a faded altar of an unknown god.
   506 | D:1      | Found Aryh's Antique Weapon Shop.
   899 | D:1      | Became a worshipper of Zin the Law-Giver
   899 | D:1      | Reached * piety under Zin
   946 | D:2      | Reached XP level 3. HP: 31/31 MP: 9/9
   952 | D:2      | Reached skill level 5 in Spellcasting
  1053 | D:2      | Reached skill level 1 in Invocations
  1155 | D:2      | Reached skill level 1 in Short Blades
  1155 | D:2      | Reached skill level 1 in Long Blades
  1155 | D:2      | Reached skill level 1 in Axes
  1155 | D:2      | Reached skill level 1 in Maces & Flails
  1155 | D:2      | Reached skill level 1 in Staves
  1155 | D:2      | Reached skill level 1 in Slings
  1155 | D:2      | Reached skill level 1 in Bows
  1155 | D:2      | Reached skill level 1 in Crossbows
  1155 | D:2      | Reached skill level 1 in Stealth
  1155 | D:2      | Reached skill level 1 in Shields
  1155 | D:2      | Reached skill level 1 in Unarmed Combat
  1155 | D:2      | Reached skill level 1 in Evocations
  1160 | D:2      | Reached XP level 4. HP: 29/38 MP: 11/11
  1163 | D:2      | Noticed Sigmund
  1524 | D:2      | Reached skill level 1 in Conjurations
  1524 | D:2      | Reached skill level 1 in Hexes
  1524 | D:2      | Reached skill level 1 in Summonings
  1524 | D:2      | Reached skill level 1 in Necromancy
  1524 | D:2      | Reached skill level 1 in Transmutations
  1524 | D:2      | Reached skill level 1 in Fire Magic
  1524 | D:2      | Reached skill level 1 in Ice Magic
  1524 | D:2      | Reached skill level 1 in Air Magic
  1524 | D:2      | Reached skill level 1 in Earth Magic
  1524 | D:2      | Reached skill level 1 in Poison Magic
  2539 | D:3      | Reached XP level 5. HP: 21/43 MP: 12/12
  2924 | D:3      | Learned a level 3 spell: Gell's Gravitas
  2928 | D:3      | Learned a level 3 spell: Portal Projectile
  3007 | D:3      | Found a runed translucent door.
  3065 | D:3      | Noticed Hydra2011's ghost (amateur OpFE)
  3565 | D:3      | Killed Hydra2011's ghost
  3566 | D:3      | Reached XP level 6. HP: 28/50 MP: 14/14
  4089 | D:4      | Reached skill level 5 in Fighting
  4089 | D:4      | Reached skill level 5 in Polearms
  4089 | D:4      | Reached skill level 5 in Dodging
  4322 | D:4      | Reached ** piety under Zin
  4427 | D:4      | Reached XP level 7. HP: 55/56 MP: 15/15
  4884 | D:5      | Entered Level 5 of the Dungeon
  6416 | D:5      | Noticed a steam dragon
  6439 | D:5      | HP: 2/56 [poisoned by an adder]
  6442 | D:5      | Killed from afar by a steam dragon

Illustrated notes

Levels and vault maps discovered:
D:1:      saegor_arrival_simple_b, layout_basic, serial_shops,
          nicolae_shop_crystal, basic_ecumenical_altar
D:2:      layout_basic, serial_bayou, serial_bayou_lagoon_a,
          serial_bayou_pond_b, serial_bayou_shore_b, serial_bayou_lagoon_b,
          chequers_serial_rivers_room_a, minmay_misc_feat_encased,
          serial_bayou_ford_a, minmay_pentomino_x4, uniq_sigmund
D:3:      layout_loops_corners, ebering_ghost_inner_flame
D:4:      layout_basic
D:5:      layout_loops_cross, minmay_temple_entry_glassed_door,
          dk_noncrumbling_4

Skill      XL: |  1  2  3  4  5  6  7 |
---------------+----------------------+-----
Spellcasting   | 5 |  5.7
Invocations    | 1 2 3 |  3.0
Short Blades   | 1 2 |  2.7
Long Blades    | 1 2 |  2.7
Axes           | 1 2 |  2.7
Maces & Flails | 1 2 |  2.7
Staves         | 1 2 |  2.7
Slings         | 1 2 |  2.7
Bows           | 1 2 |  2.7
Crossbows      | 1 2 |  2.7
Stealth        | 1 2 |  2.7
Shields        | 1 2 |  2.7
Unarmed Combat | 1 2 |  2.7
Evocations     | 1 2 |  2.7
Conjurations   | 1 2 |  2.2
Hexes          | 1 2 |  2.2
Summonings     | 1 2 |  2.2
Necromancy     | 1 2 |  2.2
Transmutations | 1 2 |  2.2
Fire Magic     | 1 2 |  2.2
Ice Magic      | 1 2 |  2.2
Air Magic      | 1 2 |  2.2
Earth Magic    | 1 2 |  2.2
Poison Magic   | 1 2 |  2.2
Throwing       | 3 |  3.8
Armour         | 3 |  3.8
Fighting       | 5 |  5.4
Polearms       | 5 |  5.4
Dodging        | 5 |  5.4
Translocations | |  5.9

Action                   |  1- 3 |  4- 6 |  7- 9 || total
-------------------------+-------+-------+-------++-------
Melee: Spear             |    93 |   151 |   147 ||   391
       Bite              |     5 |     6 |    15 ||    26
       Punch             |       |     1 |       ||     1
Throw: Boomerang         |       |     1 |       ||     1
       Stone             |       |    10 |     3 ||    13
       Dart              |       |       |     2 ||     2
       Throwing net      |       |       |     2 ||     2
 Cast: Portal Projectile |       |     3 |     2 ||     5
       Blink             |       |       |     5 ||     5
       Gell's Gravitas   |       |       |     3 ||     3
Invok: Recite            |     1 |     1 |       ||     2
       Vitalisation      |       |       |     1 ||     1
  Use: Potion            |       |       |     3 ||     3
       Scroll            |       |       |     1 ||     1
 Stab: Sleeping          |     1 |     4 |     1 ||     6
       Distracted        |       |       |     1 ||     1
Armor: Leather armour    |    11 |    24 |    26 ||    61
Dodge: Dodged            |    48 |    60 |    67 ||   175
Block: Buckler           |       |       |    18 ||    18
